[Event "ICC tourney 1982 (45 10)"]
[Site "Internet Chess Club"]
[Date "2020.08.29"]
[Round "5"]
[White "ivangoponenko"]
[Black "adinanda"]
[Result "1-0"]
[ICCResult "Black checkmated"]
[WhiteElo "1460"]
[BlackElo "1313"]
[Opening "Giuoco Piano"]
[ECO "C50"]
[NIC "IG.02"]
[Time "21:03:24"]
[TimeControl "2700+10"]

1. e4 e5 2. Nf3 Nc6 3. Bc4 Bc5 4. O-O Nf6 5. d3 O-O 6. c3 h6 7. a4 a5 8.
Nbd2 d6 9. h3 Be6 10. Bxe6 fxe6 11. Re1 Re8 12. Nf1 d5 13. Ng3 Qd7 14. Be3
d4 15. Bd2 Rad8 16. Qb3 b6 17. c4 Nb4 18. Nxe5 Qd6 19. Nf3 e5 20. Nf5 Qf8
21. Rf1 g5 22. Bc1 Nh5 23. g3 Kh7 24. Qd1 Be7 25. Nxe5 Bd6 26. Qxh5 Rxe5 27.
Bxg5 Rxf5 28. exf5 Qxf5 29. Qxh6+ Kg8 30. Bxd8 Qxd3 31. Qg5+ Kf8 32. Qf6+
Ke8 33. Rfe1+ Kd7 34. Qe6+ Kc6 35. Qe4+ Kd7 36. Qxd3 Nxd3 37. Red1 Nxb2 38.
Rd2 Nxc4 39. Rxd4 Ne5 40. Bf6 Nf3+ 41. Kg2 Nxd4 42. Bxd4 c5 43. Be3 Kc6 44.
Rb1 Bc7 45. h4 Kd5 46. Bf4 Bd8 47. Bg5 Bc7 48. Bf6 c4 49. h5 Bf4 50. gxf4
Ke4 51. h6 Kxf4 52. h7 c3 53. Bxc3 b5 54. Be5+ Kg4 55. Rxb5 Kg5 56. h8=Q Kf5
57. Qc8+ Kg6 58. Bh2 Kg7 59. Qc6 Kh7 60. Rb7+ Kh8 61. Qc8# {Black
checkmated} 1-0

[Event "ICC tourney 1982 (45 10)"]
[Site "Internet Chess Club"]
[Date "2020.08.29"]
[Round "5"]
[White "HeJustin"]
[Black "stgummadi"]
[Result "1-0"]
[ICCResult "Black resigns"]
[WhiteElo "1591"]
[BlackElo "1386"]
[Opening "Sicilian"]
[ECO "B56"]
[NIC "SI.25"]
[Time "21:03:20"]
[TimeControl "2700+10"]

1. e4 c5 2. Nf3 d6 3. d4 cxd4 4. Nxd4 Nf6 5. Nc3 Nc6 6. f3 e5 7. Nb3 Be7 8.
Be3 O-O 9. Qd2 Be6 10. O-O-O Qc7 11. g4 a6 12. h4 b5 13. h5 h6 14. g5 hxg5
15. Bxg5 Kh7 16. h6 g6 17. Nd5 Nxd5 18. exd5 Bxd5 19. Bxe7 Nxe7 20. Qg5 f6
21. Qg3 Nf5 22. Qf2 Bb7 23. Bd3 Ne7 24. Rdg1 f5 25. Qg3 Qb6 26. Qg5 Rae8 27.
Rh3 f4 28. Bxg6+ Kh8 29. Bxe8 Qe3+ 30. Kb1 Rg8 31. Qf6+ {Black resigns} 1-0

[Event "ICC tourney 1982 (45 10)"]
[Site "Internet Chess Club"]
[Date "2020.08.29"]
[Round "5"]
[White "BillietheKid"]
[Black "miyzhang"]
[Result "1-0"]
[ICCResult "Black resigns"]
[WhiteElo "1636"]
[BlackElo "1280"]
[Opening "Ruy Lopez: Anderssen variation"]
[ECO "C77"]
[NIC "RL.12"]
[Time "21:03:23"]
[TimeControl "2700+10"]

1. e4 e5 2. Nf3 Nc6 3. Bb5 a6 4. Ba4 Nf6 5. d3 b5 6. Bb3 Be7 7. c3 d6 8. O-O
O-O 9. Nbd2 Bg4 10. Qe1 h6 11. h3 Bh5 12. d4 exd4 13. cxd4 Bg6 14. e5 dxe5
15. dxe5 Nd7 16. e6 fxe6 17. Qxe6+ Bf7 18. Qxc6 Bxb3 19. Nxb3 Rf6 20. Qc3
Rg6 21. Rd1 Qc8 22. Qd3 Rd6 23. Qe2 Nf6 24. Bf4 Re6 25. Qc2 c5 26. Rac1 c4
27. Nbd4 Rb6 28. Nf5 Bc5 29. Be3 Bxe3 30. fxe3 Nh7 31. Ne7+ Kh8 32. Nxc8
{Black resigns}
1-0

[Event "ICC tourney 1982 (45 10)"]
[Site "Internet Chess Club"]
[Date "2020.08.29"]
[Round "5"]
[White "tortorchess"]
[Black "uhm44"]
[Result "1/2-1/2"]
[ICCResult "Black stalemated"]
[WhiteElo "1469"]
[BlackElo "1342"]
[Opening "QGD Slav defense: exchange variation"]
[ECO "D10"]
[NIC "SL.01"]
[Time "21:03:49"]
[TimeControl "2700+10"]

1. d4 c6 2. c4 d5 3. cxd5 cxd5 4. Nc3 Nf6 5. Bf4 Nc6 6. e3 e6 7. a3 a6 8.
Bd3 h6 9. Nf3 Bd6 10. Bxd6 Qxd6 11. O-O O-O 12. Re1 b5 13. Rc1 Bb7 14. e4
dxe4 15. Nxe4 Nxe4 16. Bxe4 Rac8 17. Ne5 Ba8 18. Nxc6 Bxc6 19. Bc2 Rfd8 20.
Be4 Bxe4 21. Rxc8 Rxc8 22. Rxe4 Qc6 23. Re1 Qc2 24. Qb1 Qxb1 25. Rxb1 Rc2
26. g3 Rd2 27. Kg2 Rxd4 28. Rc1 Rd2 29. Rc6 Rxb2 30. Rxa6 b4 31. a4 Ra2 32.
Ra8+ Kh7 33. a5 b3 34. Rb8 b2 35. a6 b1=Q 36. Rxb1 Rxa6 37. Rb7 f5 38. Re7
Kg6 39. Rd7 Kf6 40. Kf3 Ra3+ 41. Kg2 g5 42. Rh7 Kg6 43. Re7 Ra6 44. Kf3 h5
45. Kg2 Rd6 46. h3 f4 47. g4 hxg4 48. hxg4 Kf6 49. Re8 Rd5 50. Ra8 Ke7 51.
Ra7+ Kd6 52. Ra6+ Ke5 53. Kf3 Rd3+ 54. Ke2 Rd6 55. Ra5+ Rd5 56. Ra6 Kf6 57.
Rb6 Ke7 58. Ra6 e5 59. Ra7+ Ke6 60. Ra6+ Kd7 61. f3 Rd6 62. Ra5 Ke6 63. Rb5
Kf6 64. Ra5 Re6 65. Kd3 Rb6 66. Ke2 Rd6 67. Rb5 Ke6 68. Ra5 Rc6 69. Kd3 Rb6
70. Ke4 Rb4+ 71. Kd3 Rb3+ 72. Ke2 Re3+ 73. Kf2 e4 74. fxe4 Rxe4 75. Rxg5 Kf6
76. Rf5+ Kg6 77. Kf3 Ra4 78. Rxf4 Rxf4+ 79. Kxf4 Kf6 80. g5+ Kg6 81. Kg4 Kg7
82. Kf5 Kf7 83. g6+ Kg7 84. Kg5 Kg8 85. Kf6 Kf8 86. g7+ Kg8 87. Kg6
{Black stalemated}
1/2-1/2

[Event "ICC tourney 1982 (45 10)"]
[Site "Internet Chess Club"]
[Date "2020.08.29"]
[Round "5"]
[White "stephenwilly"]
[Black "mancogu"]
[Result "1-0"]
[ICCResult "Black checkmated"]
[WhiteElo "1187"]
[BlackElo "1568"]
[Opening "Sicilian"]
[ECO "B50"]
[NIC "SI.01"]
[Time "21:03:18"]
[TimeControl "2700+10"]

1. e4 c5 2. Nf3 d6 3. c4 Nc6 4. d4 cxd4 5. Nxd4 Nf6 6. Nc3 a6 7. Be3 Qc7 8.
Be2 e6 9. O-O Be7 10. Kh1 O-O 11. f4 Bd7 12. f5 Nxd4 13. Qxd4 e5 14. Qd2 Bc6
15. Nd5 Bxd5 16. exd5 Qd7 17. a4 a5 18. Bd3 Rfc8 19. b3 Qc7 20. Qe2 Nd7 21.
g4 Nc5 22. Bc2 Re8 23. g5 Bf8 24. g6 fxg6 25. fxg6 h6 26. Rf7 Re7 27. Raf1
Rd8 28. Bg5 Rxf7 29. gxf7+ Kh8 30. Bxd8 Qxd8 31. Qg4 e4 32. Bxe4 Nxe4 33.
Qxe4 Qc8 34. Qe8 Qg4 35. Qxf8+ Kh7 36. Qg8+ Kg6 37. f8=Q Qe4+ 38. Qf3 Qc2
39. Qg4# {Black checkmated} 1-0

[Event "ICC tourney 1982 (45 10)"]
[Site "Internet Chess Club"]
[Date "2020.08.29"]
[Round "5"]
[White "BulbasaurMaster"]
[Black "WizardY"]
[Result "0-1"]
[ICCResult "White resigns"]
[WhiteElo "1258"]
[BlackElo "930"]
[Opening "Sicilian: dragon, Yugoslav attack, 10.O-O-O"]
[ECO "B78"]
[NIC "SI.18"]
[Time "21:03:24"]
[TimeControl "2700+10"]

1. e4 c5 2. Nf3 d6 3. d4 cxd4 4. Nxd4 Nf6 5. Nc3 g6 6. Be3 Bg7 7. Bc4 O-O 8.
f3 Nc6 9. Qd2 Bd7 10. O-O-O Rc8 11. Bb3 Nxd4 12. Bxd4 b5 13. Bxa7 b4 14. Ne2
Qa5 15. Be3 Ba4 16. Qd3 Bb5 17. Qd2 Bc4 18. Kb1 Bxb3 19. cxb3 Ra8 20. a4
bxa3 21. Qxa5 Rxa5 22. b4 Ra4 23. bxa3 Rxa3 24. Bd2 Nxe4 25. fxe4 Rc8 26.
Bc3 Bxc3 27. Nxc3 Rcxc3 28. Rd2 Rc4 29. Rb2 Rxe4 30. b5 Raa4 31. Rc1 Reb4
32. Rc2 Rxb2+ 33. Rxb2 Ra8 34. b6 Kf8 35. Rc2 Rb8 36. Rc6 Ke8 37. Kc2 Rb7
38. Kc3 Kd7 {White resigns} 0-1

[Event "ICC tourney 1982 (45 10)"]
[Site "Internet Chess Club"]
[Date "2020.08.29"]
[Round "5"]
[White "JavierDix"]
[Black "keshavarzip"]
[Result "1/2-1/2"]
[ICCResult "Game drawn by mutual agreement"]
[WhiteElo "1424"]
[BlackElo "1465"]
[Opening "Queen's pawn game"]
[ECO "D02"]
[NIC "QP.08"]
[Time "21:03:26"]
[TimeControl "2700+10"]

1. d4 d5 2. Nf3 e6 3. Bf4 Nf6 4. e3 b6 5. Ne5 Bb7 6. Bd3 c5 7. Bb5+ Nfd7 8.
Qh5 g6 9. Qf3 f5 10. Nxd7 Nxd7 11. Be5 Rg8 12. Nc3 a6 13. Bxd7+ Qxd7 14. Ne2
Bg7 15. Qg3 O-O-O 16. O-O Bxe5 17. Qxe5 Qd6 18. Qxd6 Rxd6 19. c3 g5 20. b4
c4 21. a4 b5 22. axb5 axb5 23. Ra5 Rb6 24. Rfa1 Rg7 25. h3
{Game drawn by mutual agreement}
1/2-1/2

[Event "ICC tourney 1982 (45 10)"]
[Site "Internet Chess Club"]
[Date "2020.08.29"]
[Round "5"]
[White "msk2018"]
[Black "TheDude865"]
[Result "1/2-1/2"]
[ICCResult "Game drawn by repetition"]
[WhiteElo "1522"]
[BlackElo "1230"]
[Opening "Queen's pawn: London system"]
[ECO "A45"]
[NIC "QP.07"]
[Time "21:03:21"]
[TimeControl "2700+10"]

1. d4 Nf6 2. Bf4 e6 3. e3 d5 4. Bd3 c5 5. c3 Nc6 6. h3 Bd6 7. Bxd6 Qxd6 8.
Nf3 c4 9. Bc2 b5 10. O-O O-O 11. Nbd2 a5 12. e4 dxe4 13. Nxe4 Qe7 14. Re1
Bb7 15. Nxf6+ Qxf6 16. Re3 Ne7 17. Ne5 Rad8 18. Qh5 g6 19. Ng4 Qf4 20. Qxb5
Qc7 21. Qe5 Qxe5 22. Nxe5 Nd5 23. Ree1 Nf4 24. Be4 Bd5 25. Bxd5 exd5 26. Nc6
Ra8 27. Re5 f6 28. Re7 Rfc8 29. Na7 Rf8 30. Nb5 Rab8 31. a4 Nd3 32. Rb1 Rfe8
33. Ra7 Ra8 34. Rd7 Rad8 35. Ra7 Ra8 36. Rd7 Rad8 37. Ra7 Ra8 38. Rd7 Rad8
39. Ra7 Ra8 40. Rd7 {Game drawn by repetition} 1/2-1/2

[Event "ICC tourney 1982 (45 10)"]
[Site "Internet Chess Club"]
[Date "2020.08.29"]
[Round "5"]
[White "UltimateDL"]
[Black "Eagle2020"]
[Result "1-0"]
[ICCResult "Black checkmated"]
[WhiteElo "1329"]
[BlackElo "1573"]
[Opening "French: advance, Euwe variation"]
[ECO "C02"]
[NIC "FR.03"]
[Time "21:03:17"]
[TimeControl "2700+10"]

1. e4 e6 2. d4 d5 3. e5 c5 4. c3 Nc6 5. Nf3 Bd7 6. Bd3 Qb6 7. dxc5 Bxc5 8.
O-O Qd8 9. Nbd2 f6 10. Nb3 Bb6 11. Nbd4 fxe5 12. Nxc6 Bxc6 13. Nxe5 Nf6 14.
Bg5 Qe7 15. Qc2 O-O-O 16. Nxc6 bxc6 17. Rfe1 g6 18. Rad1 Rhf8 19. c4 Qc5 20.
Be3 d4 21. Bg5 Qxg5 22. Rxe6 Qc5 23. Qa4 Rd6 24. b4 Rxe6 25. bxc5 Bxc5 26.
Ra1 Ng4 27. f3 Ne5 28. Be4 d3+ 29. Kh1 d2 30. Qa6+ Kc7 31. Qa5+ Bb6 32. Qxd2
Nxc4 33. Qc3 Ne5 34. Bxc6 Rxc6 35. Qxe5+ Kc8 36. Re1 Rd8 37. Qe4 Rcd6 38.
Qa8+ Kc7 39. Rc1+ Kd7 40. Qb7+ Ke8 41. Re1+ Kf8 42. Qxh7 Bf2 43. Qh6+ Kf7
44. Qf4+ Kg8 45. Qc4+ Kh8 46. Rf1 Rd4 47. Qe2 Rd2 48. Qe5+ Kh7 49. g3 Bb6
50. Qe7+ Kh6 51. f4 Rxa2 52. Re1 Rh8 53. Qg5+ Kg7 54. Re7+ Kf8 55. Qf6+ Kg8
56. Qg7# {Black checkmated} 1-0

[Event "ICC tourney 1982 (45 10)"]
[Site "Internet Chess Club"]
[Date "2020.08.29"]
[Round "5"]
[White "handsomematch"]
[Black "WallyCleaver"]
[Result "1-0"]
[ICCResult "Black resigns"]
[WhiteElo "1239"]
[BlackElo "1568"]
[Opening "Alekhine's defense: exchange variation"]
[ECO "B03"]
[NIC "AL.08"]
[Time "21:13:44"]
[TimeControl "2700+10"]

1. e4 Nf6 2. e5 Nd5 3. d4 d6 4. c4 Nb6 5. exd6 cxd6 6. Nf3 g6 7. Be3 Bg7 8.
Nc3 O-O 9. Be2 Nc6 10. Qd2 Bf5 11. O-O e5 12. d5 Ne7 13. Rfe1 Bd7 14. Bd3 f5
15. Bg5 Nbc8 16. Bc2 a6 17. Bh6 Rb8 18. Bxg7 Kxg7 19. Ba4 b5 20. cxb5 axb5
21. Bc2 Nb6 22. Rec1 Nc4 23. Qe2 Nxb2 24. Rab1 Nc4 25. Bb3 Na3 26. Rb2 b4
27. Nb1 Nxb1 28. Rcxb1 f4 29. Bc4 Bf5 30. Re1 e4 31. Nd2 Re8 32. Bb5 Bd7 33.
Bxd7 Qxd7 34. Nxe4 Nxd5 35. Qd2 Nf6 36. Nxf6 Rxe1+ 37. Qxe1 Kxf6 38. Rxb4
Rxb4 39. Qxb4 d5 40. Qxf4+ Qf5 41. Qh4+ Ke6 42. Qb4 Qe5 43. Qb6+ Qd6 44.
Qxd6+ Kxd6 45. Kf1 Kc5 46. Ke2 Kb4 47. Kd3 Ka3 48. Kd4 Kxa2 49. Kxd5 Kb3 50.
Ke6 Kc4 51. Kf7 g5 52. Kf6 g4 53. Kf5 Kd5 54. Kxg4 Ke6 55. Kg5 Kf7 56. Kh6
{Black resigns}
1-0

[Event "ICC tourney 1982 (45 10)"]
[Site "Internet Chess Club"]
[Date "2020.08.29"]
[Round "5"]
[White "SunnyCountry"]
[Black "Theutltl"]
[Result "0-1"]
[ICCResult "White resigns"]
[WhiteElo "1297"]
[BlackElo "1036"]
[Opening "Sicilian: Scheveningen (Paulsen), classical variation"]
[ECO "B84"]
[NIC "SI.23"]
[Time "21:03:27"]
[TimeControl "2700+10"]

1. e4 c5 2. Nf3 d6 3. d4 cxd4 4. Nxd4 Nf6 5. Nc3 a6 6. Be2 e6 7. O-O Be7 8.
Bg5 O-O 9. Kh1 h6 10. Bh4 Nc6 11. f3 Qc7 12. Qd2 b5 13. Bg3 Qb6 14. Rad1 Rd8
15. a3 Bb7 16. Bf2 Qc7 17. Be3 Bf8 18. Qe1 Nxd4 19. Bxd4 e5 20. Be3 Rac8 21.
Qf2 Qc6 22. Bd3 Kh8 23. Qh4 Nd7 24. Nd5 Re8 25. Bg5 Kg8 26. Be7 f6 27. Bxf8
Kxf8 28. f4 Nb6 29. Ne3 Rc7 30. fxe5 dxe5 31. Ng4 Re6 32. Rf3 Rf7 33. Rdf1
Nd7 34. b3 Nc5 35. Rf5 Nxd3 36. cxd3 Qd6 37. R5f3 a5 38. a4 bxa4 39. bxa4
Bc6 40. Ra1 Qd4 41. Qe1 Ra7 42. Qd1 Be8 43. Rg3 Rb6 44. Ne3 Rab7 45. Nc4
Qxa1 46. Ne3 Qxd1+ 47. Nxd1 Rb1 48. h3 Rxd1+ {White resigns} 0-1

[Event "ICC tourney 1982 (45 10)"]
[Site "Internet Chess Club"]
[Date "2020.08.29"]
[Round "5"]
[White "burstninja"]
[Black "SukrutN"]
[Result "1/2-1/2"]
[ICCResult "Game drawn by repetition"]
[WhiteElo "1637"]
[BlackElo "1162"]
[Opening "QGD: Charousek (Petrosian) variation"]
[ECO "D31"]
[NIC "QO.17"]
[Time "21:03:24"]
[TimeControl "2700+10"]

1. d4 e6 2. c4 d5 3. Nc3 Be7 4. e3 Nf6 5. Bd3 O-O 6. Nf3 c5 7. cxd5 exd5 8.
O-O Nc6 9. Re1 c4 10. Bc2 Bg4 11. h3 Bh5 12. g4 Bg6 13. e4 Nxe4 14. Nxe4 Nb4
15. Bb1 dxe4 16. Bxe4 Bxe4 17. Rxe4 Nd3 18. Ne5 Nxe5 19. Rxe5 Bf6 20. Re4
Qd5 21. Rf4 Rfd8 22. Be3 Rac8 23. Rc1 b5 24. Qd2 a6 25. Qa5 Qb7 26. Qb4 Bg5
27. Rf5 Be7 28. Qd2 g6 29. Re5 Rd7 30. Bg5 Bxg5 31. Qxg5 Rxd4 32. Qf6 Rd3
33. Re7 Qf3 34. Rxf7 Qxf6 35. Rxf6 Rd2 36. Rxa6 Rxb2 37. a3 c3 38. Kf1 Rd2
39. Re6 Kf7 40. Re3 c2 41. Re2 Rd1+ 42. Re1 Rd3 43. Re2 Rd1+ 44. Re1 Rxc1
45. Rxc1 Ke6 46. Ke2 Rc3 47. Kd2 Rxa3 48. Kxc2 Kd5 49. Rb1 Kc4 50. Rf1 Rf3
51. h4 h5 52. gxh5 gxh5 53. Kb2 Rf4 54. Rc1+ Kb4 55. Rf1 Kc4 56. Rc1+ Kd4
57. Rd1+ Ke5 58. Rd8 Rxf2+ 59. Kc1 Rf5 60. Kc2 Ke4 61. Rg8 Ke3 62. Rg5 Kf4
63. Rg7 Rc5+ 64. Kd3 Rd5+ 65. Kc3 Ke4 66. Rg1 Rd3+ 67. Kc2 Rh3 68. Rb1 Rh2+
69. Kc3 Kf3 70. Rb4 Kg3 71. Rxb5 Kxh4 72. Kd3 Rf2 73. Ke3 Rf6 74. Ke2 Kg4
75. Rb1 Kg3 76. Rg1+ Kh2 77. Rf1 Rg6 78. Rf4 Rg4 79. Rf2+ Rg2 80. Kf3 Rxf2+
81. Kxf2 Kh3 82. Kf3 h4 83. Kf2 Kh2 84. Kf3 Kh3 85. Kf2 Kg4 86. Kg2 Kf4 87.
Kh3 Kg5 88. Kh2 Kg4 89. Kg2 Kg5 90. Kh3 Kh5 91. Kg2 Kg4 92. Kh2 Kf5 93. Kh3
Kg5 94. Kg2 Kg4 95. Kh2 Kh5 96. Kh3 Kg5 97. Kg2 Kg4 98. Kh2 Kf4 99. Kh3 Kg5
100. Kg2 Kg4 101. Kh2 Kg5 102. Kh3 Kh5 103. Kg2 Kg4 104. Kh2 Kf4 105. Kh3
Kg5 106. Kg2 Kg4 107. Kh2 Kg5 108. Kh3 Kh5 109. Kg2 Kg4 110. Kh2 Kg5 111.
Kh3 Kh5 112. Kg2 Kg5 113. Kh3 Kh5 114. Kg2 Kg4 115. Kh2 Kg5 116. Kh3 Kh5
117. Kg2 Kg5 118. Kh3 Kh5 119. Kg2 Kg4 120. Kh2 Kf4 121. Kh3 Kg5 122. Kg2
Kg4 123. Kh2 h3 124. Kg1 Kf3 125. Kh2 Kg4 126. Kg1 Kg3 127. Kh1 Kf3 128. Kh2
Kg4 129. Kg1 Kg3 130. Kh1 Kh4 131. Kh2 Kg4 132. Kg1 Kg3 133. Kh1 Kf3 134.
Kh2 Kg4 135. Kg1 Kg3 136. Kh1 Kh4 137. Kh2 Kg4 138. Kg1 Kg3 139. Kh1 Kf3
140. Kh2 Kg4 141. Kg1 Kh4 142. Kh2 Kg4 143. Kg1 Kg3 144. Kh1 Kf4 145. Kh2
Kg4 146. Kg1 Kg3 147. Kh1 Kf3 148. Kh2 Kg4 149. Kg1 Kg3 150. Kh1 Kh4 151.
Kh2 Kg4 152. Kg1 Kf4 153. Kh2 Kg4 154. Kg1 Kh4 155. Kh2 Kg4 156. Kg1 Kg3
157. Kh1 Kh4 158. Kh2 Kg4 159. Kg1 Kf4 160. Kh2 Kg4 161. Kg1 Kh4 162. Kh2
Kg4 163. Kg1 Kg3 164. Kh1 Kh4 165. Kh2 Kg4 166. Kg1 Kg3 167. Kh1 Kh4 168.
Kh2 Kg4 169. Kg1 Kg3 170. Kh1 Kf3 171. Kh2 Kg4 172. Kg1 Kg3 173. Kh1 Kg4
174. Kh2 Kh4 175. Kg1 Kg3 176. Kh1 Kh4 177. Kh2 Kg4 {Game drawn by
repetition} 1/2-1/2

[Event "ICC tourney 1982 (45 10)"]
[Site "Internet Chess Club"]
[Date "2020.08.29"]
[Round "5"]
[White "sujay2010"]
[Black "QueenHM"]
[Result "1/2-1/2"]
[ICCResult "Game drawn because neither player has mating material"]
[WhiteElo "1386"]
[BlackElo "1572"]
[Opening "Queen's pawn: London system"]
[ECO "A45"]
[NIC "QP.07"]
[Time "21:03:18"]
[TimeControl "2700+10"]

1. d4 Nf6 2. Bf4 g6 3. e3 Bg7 4. Bd3 d6 5. Nd2 O-O 6. h3 c5 7. Ngf3 cxd4 8.
exd4 Nc6 9. c3 a6 10. O-O b5 11. Re1 Bb7 12. a3 Rc8 13. Qe2 Re8 14. Ne4 Nxe4
15. Bxe4 Na5 16. Bxb7 Nxb7 17. a4 Qd7 18. axb5 axb5 19. Qc2 Qc6 20. Qb3 d5
21. Ne5 Bxe5 22. Bxe5 Nd6 23. Bg3 Ne4 24. Bh2 e6 25. Re2 Qc4 26. Qxc4 bxc4
27. Be5 f6 28. Bh2 Rc6 29. Rae1 h5 30. h4 Kf7 31. f3 Nd6 32. Ra1 Re7 33. Kf2
Ne8 34. Bg3 Rb7 35. Bh2 Rcb6 36. Ra2 Rb3 37. Bf4 R3b6 38. Bh2 Rb3 39. Bf4
R3b6 40. Bh2 Ke7 41. Bf4 Ng7 42. Bh2 Nf5 43. Bg3 Nxg3 44. Kxg3 g5 45. Kh3
Kf7 46. g3 Kg6 47. g4 hxg4+ 48. fxg4 gxh4 49. Kxh4 Rh7+ 50. Kg3 Re7 51. Ra1
Reb7 52. Ra2 f5 53. gxf5+ Kxf5 54. Kf3 Rh7 55. Kg3 Rg7+ 56. Kf3 Rb8 57. Rg2
Rxg2 58. Kxg2 Kf4 59. Kf2 e5 60. dxe5 Kxe5 61. Ke3 Rb3 62. Kd2 Ke4 63. Kc2
d4 64. cxd4 Kxd4 65. Ra3 Rb8 66. b3 cxb3+ 67. Rxb3 Rxb3 68. Kxb3
{Game drawn because neither player has mating material}
1/2-1/2

[Event "ICC tourney 1982 (45 10)"]
[Site "Internet Chess Club"]
[Date "2020.08.29"]
[Round "5"]
[White "jacobsperber"]
[Black "Baggs"]
[Result "1-0"]
[ICCResult "Black checkmated"]
[WhiteElo "738"]
[BlackElo "1412"]
[Opening "QGD semi-Slav"]
[ECO "D43"]
[NIC "QO.17"]
[Time "21:03:25"]
[TimeControl "2700+10"]

1. d4 e6 2. Nf3 d5 3. c4 c6 4. Nc3 Nf6 5. Bg5 Be7 6. e3 b6 7. cxd5 cxd5 8.
Bd3 h6 9. Bh4 O-O 10. O-O Ba6 11. Rc1 Bxd3 12. Qxd3 Nbd7 13. Rc2 Rc8 14.
Rfc1 Bd6 15. Nxd5 Rxc2 16. Nxf6+ Nxf6 17. Qxc2 g5 18. Bg3 Bxg3 19. hxg3 Nd5
20. Ne5 Qd6 21. a3 Kg7 22. Qc6 Qd8 23. Nf3 Re8 24. e4 Nf6 25. Rc4 Re7 26.
Ne5 Ne8 27. Qa4 Qa8 28. f3 b5 29. Qxb5 Nd6 30. Qc5 Nxc4 31. Qxe7 Nxe5 32.
dxe5 Qb8 33. Qf6+ Kg8 34. Qxh6 Qxe5 35. Kh2 g4 36. Qf4 Qh5+ 37. Kg1 Qc5+ 38.
Kf1 Qb5+ 39. Ke1 gxf3 40. gxf3 Qxb2 41. Qg5+ Kf8 42. Qc5+ Kg7 43. Qxa7 Qc3+
44. Ke2 Qb2+ 45. Ke3 Qc1+ 46. Kd3 Qf1+ 47. Kd2 Qg2+ 48. Ke1 Qxg3+ 49. Qf2
Qe5 50. Qg1+ Kf8 51. Qe3 Qa1+ 52. Kf2 Qb2+ 53. Kg3 Qg7+ 54. Kh4 Qf6+ 55. Kh5
Qg6+ 56. Kh4 Qf6+ 57. Kg4 Qg6+ 58. Qg5 f5+ 59. exf5 exf5+ 60. Kh4 Qh7+ 61.
Kg3 Qc7+ 62. Kh3 Qh7+ 63. Qh4 Qd7 64. Qh6+ Kg8 65. Kh4 Qd4+ 66. f4 Qf2+ 67.
Kh5 Qf3+ 68. Kg6 Qc6+ 69. Kg5 Qg2+ 70. Kxf5 Qd5+ 71. Kg4 Qg2+ 72. Kh5 Qh3+
73. Kg6 Qe6+ 74. Kg5 Qe7+ 75. Qf6 Qxa3 76. Qd8+ Kf7 77. Qf6+ Kg8 78. Kf5
Qc5+ 79. Qe5 Qxe5+ 80. Kxe5 Kf7 81. Kf5 Ke7 82. Kg6 Kf8 83. Kf6 Ke8 84. f5
Kf8 85. Ke6 Ke8 86. f6 Kf8 87. f7 Kg7 88. Ke7 Kg6 89. f8=Q Kg5 90. Qf3 Kg6
91. Qf4 Kg7 92. Qg5+ Kh7 93. Kf7 Kh8 94. Qg7# {Black checkmated} 1-0